 Dungeon Crawl Stone Soup version 0.29.1 (webtiles) character file.

Game seed: 11598769783365524752

289 oldmanjim the Vexing (level 5, -3/41 HPs)
             Began as a Demigod Arcane Marksman on Sept 6, 2022.
             Killed by an exploding scorpion (40 damage)
             ... ignited by their inner flame
             ... on level 5 of the Dungeon on Sept 14, 2022.
             The game lasted 00:24:05 (3154 turns).

oldmanjim the Vexing (Demigod Arcane Marksman)      Turns: 3154, Time: 00:24:05

Health: -3/41      AC:  3    Str: 11    XL:     5   Next: 82%
Magic:  9/12       EV: 12    Int: 19    God:
Gold:   156        SH:  0    Dex: 14    Spells: 5/9 levels left

rFire   . . .      SeeInvis .   a - +2 sling (flame)
rCold   . . .      Faith    .   (no shield)
rNeg    . . .      Spirit   .   c - +1 robe
rPois   .          Reflect  .   (no helmet)
rElec   .          Harm     .   (no cloak)
rCorr   .          Rampage  .   (no gloves)
Will    .....                   (no boots)
Stlth   +.........              (no amulet)
HPRegen 0.13/turn               (no ring)
MPRegen 0.13/turn               (no ring)

@: no status effects
A: high MP 1, forlorn, divine attributes
a: no special abilities


You were on level 5 of the Dungeon.
You visited 1 branch of the dungeon, and saw 4 of its levels.

You collected 156 gold pieces.

Inventory:

Hand Weapons
 a - a +2 sling of flaming (weapon)
 b - a +4 dagger of flaming
Missiles
 e - 2 throwing nets
 f - 49 stones
 m - 2 poisoned darts
 p - 4 atropa-tipped darts
Armour
 c - a +1 robe (worn)
Magical Staves
 g - a staff of fire
Scrolls
 i - a scroll of immolation
 j - a scroll of enchant armour
 k - a scroll of teleportation
 l - a scroll of enchant weapon
 o - a scroll of poison
Potions
 d - a potion of mutation
 h - a potion of might {unknown}
 n - 3 potions of lignification {unknown}
 q - a potion of resistance {unknown}


   Skills:
 - Level 2.0 Fighting
 - Level 1.7 Ranged Weapons
 - Level 1.7 Dodging
 + Level 2.7 Spellcasting
 - Level 4.0 Hexes
 - Level 3.0 Fire Magic


You had 5 spell levels left.
You knew the following spells:

 Your Spells              Type           Power      Damage    Failure   Level
a - Slow                  Hex            68%        N/A       3%          1
b - Inner Flame           Hex/Fire       15%        N/A       11%         3

Your spell library contained the following spells:

 Spells                   Type           Power      Damage    Failure   Level
 Confusing Touch          Hex            17%        N/A       9%          3
 Beastly Appendage        Tmut           4%         N/A       16%         1
 Portal Projectile        Hex/Tloc       20%        N/A       21%         3
 Wereblood                Tmut           2%         N/A       24%         2
 Cause Fear               Hex            8%         N/A       30%         4
 Spider Form              Tmut/Pois      2%         N/A       43%         3
 Yara's Violent Unravell  Hex/Tmut       5%         3d4       88%         5
 Enfeeble                 Hex            8%         N/A       100%        7


Dungeon Overview and Level Annotations

Branches:
Dungeon (5/15)
 Temple: D:4-7

Annotations:
D:5 3 runed translucent doors, exclusion: 3 doors, xian's ghost, weakling TrDe


Innate Abilities, Weirdness & Mutations

You have an increased reservoir of magic. (+10% MP)
You shall have no god before yourself.
Your divine heritage dramatically boosts your attributes as you level up.


Message History

Press: ? - help, Dir - move target, f - dart slug
Aim: a dart slug (asleep, chance to affect: 83%)
The dart slug is filled with an inner flame.
You shoot a sling bullet. The sling bullet hits the dart slug!
Flame seeps out of the dart slug.
The sling bullet burns the dart slug.
The dart slug explodes!
Unknown command.
There is an open door here.
You open the door.
There is an open door here.
Found an escape hatch in the floor.
As you open the door, it creaks loudly!
There is an open door here.
Found a ring mail.
Xian's ghost turns its malevolent gaze towards you.
You hear a bark!
You hear an angry hiss.
l - a scroll of enchant weapon A scorpion comes into view.
Casting: Inner Flame (dangerous; 11% risk of failure)
Confirm with . or Enter, or press ? or * to list all spells.
Aiming: Inner Flame (dangerous; 11% risk of failure)
Press: ? - help, Dir - move target, f - scorpion
Aim: a scorpion (chance to affect: 69%)
The scorpion is filled with an inner flame.
You shoot a sling bullet.
The sling bullet hits the scorpion but does no damage.
You shoot a sling bullet.
The sling bullet completely misses the scorpion.
You shoot a sling bullet.
The sling bullet closely misses the scorpion.
The scorpion stings you.
You shoot a sling bullet. The sling bullet hits the scorpion!
Flame seeps out of the scorpion.
The sling bullet burns the scorpion.
Flame seeps out of the scorpion.
The scorpion is severely wounded.
The scorpion is engulfed in blazing flames.
The scorpion explodes!
The fiery explosion engulfs you!!!
Ouch! That really hurt!
You die...

###.# #. ..[#
#.##################.##
#.##################+##
##.#.§§§§§§§.°°........#
..?#.###################
#.#°°°.°°°§§§§...$$$$$#
#.#####################
#...§§@................
.....§○#########.#####.#
.....§§ #........
....... #####....
....... #.... .......
#.... +#+#... #.... ####
#.... #....


There were no monsters in sight!

Vanquished Creatures
  An ogre (D:5)
  A scorpion (D:5)
  A jelly (D:5)
  Jessica (D:2)
  4 gnolls (D:2)
  4 adders
  A worm (D:2)
  2 dart slugs
  5 bats
  An endoplasm (D:2)
  2 giant cockroaches
  6 hobgoblins
  8 jackals
  11 kobolds
  3 quokkas (D:2)
  5 ball pythons
  4 frilled lizards
  2 goblins (D:1)
  6 rats
68 creatures vanquished.

Vanquished Creatures (others)
  15 plants (D:1)
15 creatures vanquished.

Grand Total: 83 creatures vanquished

Notes
Turn   | Place    | Note
-------+----------+-------------------------------------------
     0 | D:1      | oldmanjim the Demigod Arcane Marksman began the quest for
                  | the Orb.
     0 | D:1      | Reached XP level 1. HP: 15/15 MP: 4/4
   209 | D:1      | Reached skill level 3 in Hexes
   517 | D:1      | Reached XP level 2. HP: 22/22 MP: 6/6
  1309 | D:2      | Reached XP level 3. HP: 27/27 MP: 8/8
  1346 | D:2      | Learned a level 3 spell: Inner Flame
  1383 | D:2      | Noticed Jessica
  1390 | D:2      | Killed Jessica
  1391 | D:2      | Reached skill level 1 in Fire Magic
  1908 | D:2      | Reached XP level 4. HP: 34/34 MP: 5/9
  1992 | D:2      | Reached skill level 4 in Hexes
  2020 | D:2      | Reached skill level 1 in Fighting
  2789 | D:3      | Reached XP level 5. HP: 39/40 MP: 10/10
  2878 | D:3      | You fall into a shaft and drop 2 floors!
  2878 | D:5      | Entered Level 5 of the Dungeon
  2917 | D:5      | Noticed an ogre
  2955 | D:5      | Killed an ogre
  2956 | D:5      | Upgraded the game from 0.29.0-11-gd7f09526c8 to 0.29.1
  2970 | D:5      | Noticed xian's ghost (weakling TrDe)
  2992 | D:5      | Found a runed translucent gate.
  2993 | D:5      | Found a runed translucent gate.
  2995 | D:5      | Found a runed translucent gate.
  2995 | D:5      | Noticed a wyvern
  3154 | D:5      | Killed by an exploding scorpion... ignited by their inner
                  | flame

Illustrated notes

Levels and vault maps discovered:
D:1:      minmay_arrival_split_and_join, layout_basic,
          dilly_ecumenical_altar_fadedgnrine, lexackson_kobold_supper
D:2:      layout_loops_ring, uniq_jessica
D:3:      layout_basic, lemuel_coloured_pillars_altar, gup_sewer_entry_bubbles
D:5:      lemuel_ice_spiral_2, layout_basic, gammafunk_ghost_split,
          serial_shops, shop

Skill      XL: |  1  2  3  4  5 |
---------------+----------------+-----
Hexes          | 3 4 |  4.0
Spellcasting   | 2 |  2.7
Fire Magic     | 1 2 3 |  3.0
Fighting       | 1 2 |  2.0
Ranged Weapons | |  1.7
Dodging        | |  1.7

Action                   |  1- 3 |  4- 6 || total
-------------------------+-------+-------++-------
Melee: Dagger            |       |    17 ||    17
 Fire: Sling             |   132 |    72 ||   204
 Cast: Slow              |    16 |    13 ||    29
       Inner Flame       |     1 |     4 ||     5
  Use: Scroll            |     7 |     2 ||     9
Armor: Robe              |    13 |     8 ||    21
Dodge: Dodged            |    49 |    39 ||    88
